 Dungeon Crawl Stone Soup version 0.21.1-1-g345015f (webtiles) character file.

4623 tyranidshit the Fighter (level 10, -8/94 HPs)
             Began as a Demonspawn Abyssal Knight on July 26, 2018.
             Was an Elder of Lugonu.
             Mangled by an orc warrior
             ... wielding a +0 scimitar
              (12 damage)
             ... on level 8 of the Dungeon.
             The game lasted 00:22:53 (6019 turns).

tyranidshit the Fighter (Demonspawn Abyssal Knight) Turns: 6019, Time: 00:22:56

Health: -8/94      AC: 15    Str: 16    XL:     10   Next: 19%
Magic:  16/16      EV:  7    Int: 14    God:    Lugonu [****..]
Gold:   174        SH:  0    Dex: 12    Spells: 9/9 levels left

rFire    . . .     SeeInvis +   a - +1 hand axe (venom)
rCold    . . .     Gourm    .   (no shield)
rNeg     . . .     Faith    .   h - +0 chain mail
rPois    +         Spirit   .   (no helmet)
rElec    .         Reflect  .   (no cloak)
rCorr    .         Harm     +   A - +0 pair of gloves
MR       +....                  (no boots)
Stlth    ..........             j - amulet of harm
HPRegen  0.25/turn              i - ring of protection from magic
MPRegen  0.15/turn              u - ring of poison resistance

@: about to teleport
A: hooves 2, yellow scales 2, see invisible, powered by death 1, robust 1, spiny
2
a: Depart the Abyss, Bend Space, Banish, Corrupt, Renounce Religion


You were on level 8 of the Dungeon.
You worshipped Lugonu.
Lugonu was greatly pleased with you.
You were not hungry.

You visited 2 branches of the dungeon, and saw 9 of its levels.
You visited the Abyss 1 time.
You also visited: Ossuary.

You collected 628 gold pieces.
You spent 454 gold pieces at shops.

Inventory:

Hand Weapons
 a - a +1 hand axe of venom (weapon)
 w - a +2 whip of flaming
Armour
 h - a +0 chain mail (worn)
 A - a +0 pair of gloves (worn)
 B - the +0 chain mail "Haets" {Str-2 Int+5 Dex+5 SInv}
   (You bought it in a shop on level 7 of the Dungeon)

   It affects your strength (-2).
   It affects your intelligence (+5).
   It affects your dexterity (+5).
   It lets you see invisible.
Jewellery
 i - a ring of protection from magic (left hand)
 j - an amulet of harm (around neck)
 l - a +4 ring of intelligence
 u - a ring of poison resistance (right hand)
Wands
 s - a wand of digging (17)
Scrolls
 d - 5 scrolls of remove curse
 e - 4 scrolls of fear
 g - 11 scrolls of identify
 n - 3 scrolls of teleportation
 r - 3 scrolls of enchant armour
 v - 3 scrolls of blinking
 y - a scroll of enchant weapon
Potions
 f - 6 potions of curing
 m - 3 potions of mutation
 o - 4 potions of heal wounds
 q - 2 potions of haste
 t - a potion of invisibility
 x - a potion of flight
 z - 2 potions of resistance
Comestibles
 c - 9 rations


   Skills:
 + Level 10.4 Fighting
 - Level 6.0 Axes
 - Level 7.6 Armour
 - Level 0.8 Dodging
 - Level 8.3 Invocations
 - Level 5.1 Evocations


You had 9 spell levels left.
You didn't know any spells.

Dungeon Overview and Level Annotations

Branches:
Dungeon (8/15)             Temple (1/1) D:6
   Lair: D:8-11

Altars:
Ashenzari
Cheibriados
Dithmenos
Elyvilon
Gozag
Hepliaklqana
Makhleb
Nemelex Xobeh
Okawaru
Qazlal
Ru
Sif Muna
Trog
Uskayaw
Vehumet
Wu Jian
Xom
Yredelemnul
Zin
The Shining One

Shops:
D:5 !   D:6 [?[   D:7 [*!

Annotations:
Abyss:1 Prince Ribbit


Innate Abilities, Weirdness & Mutations

You have hoof-like feet.
You are mostly covered in yellow scales. (AC +3)
You regenerate a little health from kills.
You are mostly covered in sharp spines.
You have supernaturally acute eyesight. (SInv)
You are robust. (+10% HP)


Message History

The two-headed ogre is struck by your spines.
The two-headed ogre hits you with a giant spiked club!
The two-headed ogre hits you with a giant club!
* * * LOW HITPOINT WARNING * * *
Unknown command.
The jackal skeleton is struck by your spines.
The jackal skeleton bites you but does no damage.
A yak comes into view.
You see here a howler monkey corpse.
The yak bellows!
There is an open door here.
A two-headed ogre comes into view.
It is wielding a giant spiked club and a giant club.
Okay, then.
As you read the scroll of teleportation, it crumbles to dust.
You feel strangely unstable.
The two-headed ogre hits you with a giant spiked club!!
* * * LOW HITPOINT WARNING * * *
The two-headed ogre hits you but does no damage.
The orc warrior hits you with a scimitar!
You die...

.#...##.####### ......#..#
##....##.#
#....##.############
#....##.#≈≈≈≈≈≈≈≈≈≈
####.##.≈#### #...#######
#.##†≈#... #...YZ....#
#####.##.≈#..# #..O#.....#
......##.≈#..###@o.#.Z##.#
......##.≈#....O...#O.# #
......##.≈#.((.(...#).#
......##.≈#(########......≈.
.#.....#.≈......# ≈......≈.
.#.....#.≈......# 8≈..####≈.
.#.....#.≈#####'#≈≈≈... .
##.....#.≈# .......#
....#.≈# ........#


You could see 2 two-headed ogres, a yak, an orc warrior and a jackal skeleton.

Vanquished Creatures
  The ghost of Arttu the Cutter, a novice KoEn of Yredelemnul (D:7)
  The ghost of Pyrotika the Chopper, a novice MiBe of Trog (D:5)
  Grinder (D:4)
  A slime creature (D:6)
  The ghost of Lilu the Destroyer, an amateur DECj (D:4)
  A hungry ghost (D:7)
  Menkaure (D:7)
  2 orc warriors (D:7)
  5 ogres
  3 centaurs
  2 big kobolds
  Blork the orc (D:6)
  4 bullfrogs
  A scorpion (D:6)
  A howler monkey (D:8)
  2 crimson imps
  2 hounds
  3 centaur zombies (Ossuary)
  2 jellies
  A centaur skeleton (D:6)
  2 orc priests
  A bullfrog skeleton (D:6)
  A gnoll shaman (D:6)
  A human zombie (Ossuary)
  An orc wizard (D:7)
  Terence (D:2)
  An iguana (D:7)
  5 worker ants
  A big kobold zombie (Ossuary)
  3 hound zombies
  3 hound skeletons
  3 mummies (Ossuary)
  A howler monkey zombie (D:5)
  11 gnolls
  13 adders
  3 adder zombies (Ossuary)
  An adder skeleton (D:7)
  4 worms
  2 dart slugs
  2 leopard geckos (D:3)
  10 orcs
  7 bats
  3 giant cockroaches
  A gnoll zombie (Ossuary)
  12 goblins
  7 hobgoblins
  11 jackals
  17 kobolds
  4 quokkas
  A ball python (D:1)
  2 frilled lizards
  2 goblin zombies (Ossuary)
  7 hobgoblin zombies (Ossuary)
  A jackal skeleton (D:7)
  2 jackal zombies (Ossuary)
  2 kobold zombies (Ossuary)
  2 orc zombies (Ossuary)
  8 quokka zombies
  7 rats
  2 rat zombies (Ossuary)
204 creatures vanquished.

Vanquished Creatures (others)
  2 slime creatures (D:7)
2 creatures vanquished.

Grand Total: 206 creatures vanquished

Notes
Turn   | Place    | Note
-------+----------+-------------------------------------------
     0 | Abyss:1  | tyranidshit the Demonspawn Abyssal Knight began the quest for the Orb.
     0 | Abyss:1  | Reached XP level 1. HP: 18/18 MP: 2/2
    81 | Abyss:1  | Noticed a small abomination
    82 | Abyss:1  | Noticed a large abomination
    82 | Abyss:1  | Noticed a wretched star
    85 | D:1      | Escaped the Abyss
   262 | D:1      | Gained mutation: You regenerate a little health from kills. [demonic ancestry]
   262 | D:1      | Reached XP level 2. HP: 13/24 MP: 3/3
   273 | D:1      | Reached * piety under Lugonu
   308 | D:1      | Reached skill level 4 in Fighting
   547 | D:1      | Reached XP level 3. HP: 27/30 MP: 4/4
   869 | D:2      | Reached ** piety under Lugonu
   921 | D:2      | Reached skill level 5 in Fighting
   921 | D:2      | Reached XP level 4. HP: 19/39 MP: 5/5
  1040 | D:2      | Noticed Terence
  1053 | D:2      | Killed Terence
  1453 | D:3      | Reached skill level 9 in Fighting
  1453 | D:3      | Gained mutation: You have large cloven feet. [demonic ancestry]
  1453 | D:3      | Reached XP level 5. HP: 53/53 MP: 6/6
  1472 | D:3      | Gained mutation: You have hoof-like feet. [demonic ancestry]
  1472 | D:3      | Reached XP level 6. HP: 51/60 MP: 7/7
  1668 | D:3      | Reached *** piety under Lugonu
  1974 | D:4      | Reached skill level 10 in Fighting
  1990 | D:4      | Noticed Grinder
  2026 | D:4      | Killed Grinder
  2026 | D:4      | Gained mutation: You are partially covered in yellow scales. (AC +2) [demonic ancestry]
  2026 | D:4      | Reached XP level 7. HP: 19/66 MP: 7/9
  2029 | D:4      | Gained mutation: Your muscles are strong. (Str +2) [potion of mutation]
  2029 | D:4      | Gained mutation: Your spells are a little easier to cast, but a little less powerful. [potion of mutation]
  2029 | D:4      | Gained mutation: You are mostly covered in yellow scales. (AC +3) [potion of mutation]
  2133 | D:4      | Got an ominously black robe
  2134 | D:4      | Identified the cursed +0 robe of the Lute {Str-2 Int+3 Dex+3} (You found it on level 4 of the Dungeon)
  2229 | D:4      | Noticed Lilu's ghost (amateur DECj)
  2258 | D:4      | Killed Lilu's ghost
  2574 | D:5      | Entered Level 5 of the Dungeon
  2620 | D:5      | Found Ycada's Distillery.
  2652 | D:5      | Found an ornate altar of the Wu Jian Council.
  2730 | D:5      | Found a sand-covered staircase.
  2739 | Ossuary  | Entered an ossuary
  2802 | Ossuary  | Reached skill level 1 in Evocations
  2838 | Ossuary  | Gained mutation: You are partially covered in sharp spines. [demonic ancestry]
  2838 | Ossuary  | Reached XP level 8. HP: 70/72 MP: 11/11
  2851 | Ossuary  | Reached **** piety under Lugonu
  2874 | Ossuary  | Reached skill level 5 in Invocations
  3030 | D:5      | Noticed Pyrotika's ghost (novice MiBe)
  3041 | D:5      | Killed Pyrotika's ghost
  3041 | D:5      | Reached skill level 5 in Axes
  3399 | D:5      | Noticed Prince Ribbit
  3410 | D:5      | Banished Prince Ribbit
  4266 | D:6      | Found Wuugrey's Armour Emporium.
  4365 | D:6      | Found a staircase to the Ecumenical Temple.
  4367 | D:6      | Mutation became permanent: You are partially covered in yellow scales. (AC +2) [demonic ancestry]
  4367 | D:6      | Gained mutation: You are mostly covered in yellow scales. (AC +3) [demonic ancestry]
  4367 | D:6      | Reached XP level 9. HP: 78/78 MP: 12/12
  4372 | D:6      | Noticed Blork the orc
  4384 | D:6      | Killed Blork the orc
  4446 | D:6      | Found Beukhanli's Magic Scroll Emporium.
  4452 | D:6      | Bought a scroll of enchant weapon for 97 gold pieces
  4497 | D:6      | Found a shimmering altar of Xom.
  4498 | D:6      | Found a shimmering altar of Xom.
  4511 | D:6      | Found a shimmering altar of Xom.
  4511 | D:6      | Found a shimmering altar of Xom.
  4511 | D:6      | Found a shimmering altar of Xom.
  4511 | D:6      | Found a shimmering altar of Xom.
  4569 | D:6      | Found Juanwaf's Armour Boutique.
  4808 | D:6      | Bought a +0 pair of gloves for 63 gold pieces
  4948 | D:7      | Found a shimmering altar of Xom.
  4975 | D:7      | Noticed Menkaure
  4983 | D:7      | Killed Menkaure
  4986 | D:7      | Found Usenuapp's Armour Shoppe.
  5055 | D:7      | Noticed Arttu's ghost (novice KoEn)
  5064 | D:7      | Killed Arttu's ghost
  5218 | Temple   | Entered the Ecumenical Temple
  5459 | D:6      | Lost mutation: Your spells are a little easier to cast, but a little less powerful. [potion of mutation]
  5459 | D:6      | Lost mutation: Your muscles are strong. (Str +2) [potion of mutation]
  5459 | D:6      | Gained mutation: You are robust. (+10% HP) [potion of mutation]
  5459 | D:6      | Gained mutation: You have supernaturally acute eyesight. (SInv) [potion of mutation]
  5575 | D:7      | Found Tocorajueti's Distillery.
  5623 | D:7      | Found Netec's Assorted Antiques.
  5647 | D:7      | Bought a heavily runed chain mail for 266 gold pieces
  5647 | D:7      | Bought a scroll labeled BAME YQIAZ URI for 28 gold pieces
  5660 | D:7      | Gained mutation: You are mostly covered in sharp spines. [demonic ancestry]
  5660 | D:7      | Reached XP level 10. HP: 72/93 MP: 14/16
  5665 | D:7      | Reached skill level 5 in Evocations
  5673 | D:7      | Identified the +0 chain mail "Haets" {Str-2 Int+5 Dex+5 SInv} (You bought it in a shop on level 7 of the Dungeon)
  6006 | D:8      | Noticed a two-headed ogre
  6017 | D:8      | Noticed a two-headed ogre
  6019 | D:8      | HP: 4/94 [two-headed ogre/giant spiked club (21)]
  6019 | D:8      | Mangled by an orc warrior

Skill      XL: |  1  2  3  4  5  6  7  8  9 10 |
---------------+-------------------------------+-----
Fighting       | 4 5 9 10 | 10.4
Armour         | 7 |  7.6
Axes           | 2 3 6 |  6.0
Invocations    | 3 4 5 8 |  8.3
Evocations     | 1 4 5 |  5.1
Dodging        | |  0.8

Action                   |  1- 3 |  4- 6 |  7- 9 | 10-12 || total
-------------------------+-------+-------+-------+-------++-------
Melee: Hand axe          |   145 |   167 |   304 |    32 ||   648
       Kick              |       |    19 |   102 |     5 ||   126
Invok: Depart the Abyss  |     1 |       |       |       ||     1
       Banish            |       |       |     1 |     2 ||     3
Evoke: Wand              |       |       |    14 |       ||    14
  Use: Scroll            |     6 |     2 |     5 |     3 ||    16
       Potion            |     3 |     5 |     4 |       ||    12
 Stab: Invisible         |     6 |       |       |       ||     6
       Sleeping          |     1 |       |       |       ||     1
  Eat: Ration            |       |     2 |     3 |     1 ||     6
       Chunk             |       |       |     1 |       ||     1
Armor: Leather armour    |    36 |       |       |       ||    36
       Scale mail        |    17 |    29 |       |       ||    46
       Chain mail        |       |   106 |   152 |    27 ||   285
Dodge: Dodged            |   131 |    88 |    98 |     6 ||   323
